 Dungeon Crawl Stone Soup version 0.19.5 (webtiles) character file.

118 gbos the Conjurer (level 4, 0/33 HPs)
             Began as a Draconian Conjurer on May 7, 2017.
             Slain by Grinder (1 damage)
             ... on level 3 of the Dungeon.
             The game lasted 00:11:54 (1894 turns).

gbos the Conjurer (Draconian Conjurer)              Turns: 1894, Time: 00:11:55

Health: 0/33       AC:  6    Str: 10    XL:     4   Next: 72%
Magic:  8/8        EV: 12    Int: 17    God:
Gold:   138        SH:  0    Dex: 11    Spells: 1 memorised, 8 levels left

rFire  . . .     SeeInvis .     k - +2 war axe (elec)
rCold  . . .     Gourm    .     (armour unavailable)
rNeg   . . .     Faith    .     (no shield)
rPois  .         Spirit   .     (helmet restricted)
rElec  .         Reflect  .     (no cloak)
rCorr  .         Harm     .     (no gloves)
MR     .....                    m - +0 pair of boots
Stlth  ++........               (no amulet)
                                (no ring)
                                (no ring)

@: no status effects
A: unfitting armour, hooves 1, cold-blooded, AC +5
a: no special abilities


You were on level 3 of the Dungeon.
You were not hungry.

You visited 1 branch of the dungeon, and saw 3 of its levels.

You collected 138 gold pieces.

Inventory:

Hand Weapons
 f - a +0 dagger
 k - a +2 war axe of electrocution (weapon)
Armour
 m - a +0 pair of boots (worn)
Scrolls
 c - a scroll of magic mapping {unknown}
 d - a scroll of recharging {unknown}
 e - a scroll of enchant armour {unknown}
 g - a scroll of fog {unknown}
 h - a scroll of enchant weapon {unknown}
 i - a scroll of blinking {unknown}
 p - a scroll of fear {unknown}
 q - 3 scrolls of identify {unknown}
Potions
 l - 2 potions of flight
Books
 a - a book of Conjurations

   Spells                             Type                      Level
   a - Magic Dart                     Conjuration                  1
   b - Searing Ray                    Conjuration                  2
   c - Dazzling Spray                 Conjuration/Hexes            3
   d - Fulminant Prism                Conjuration/Hexes            4
   e - Iskenderun's Mystic Blast      Conjuration                  4
   f - Iskenderun's Battlesphere      Conjuration/Charms           5
Comestibles
 b - 5 bread rations
 j - 3 fruits
 n - a slice of pizza


   Skills:
 - Level 1.7 Dodging
 - Level 1.7 Stealth
 + Level 3.2 Spellcasting
 + Level 5.4 Conjurations


You had 8 spell levels left.
You knew the following spells:

 Your Spells              Type           Power        Failure   Level  Hunger
a - Magic Dart            Conj           ###.         1%          1    None


Dungeon Overview and Level Annotations

Branches:
Dungeon (3/15)

Altars:
Hepliaklqana
Kikubaaqudgha
Qazlal
Uskayaw

Annotations:
D:3 Grinder


Innate Abilities, Weirdness & Mutations

Your plain brown scales are hard. (AC +5)
You cannot fit into any form of body armour.
You are cold-blooded and may be slowed by cold attacks.
You have large cloven feet.


Message History

You hit Grinder but do no damage.
Grinder is lightly wounded.
Grinder hits you.
You hit Grinder but do no damage.
Your tail-slap misses Grinder.
Grinder is lightly wounded.
Grinder gestures at you. Pain shoots through your body!
Grinder barely misses you.
You hit Grinder. You tail-slap Grinder.
Grinder is lightly wounded.
Grinder hits you.
* * * LOW HITPOINT WARNING * * *
You writhe in agony.
* * * LOW HITPOINT WARNING * * *
You are too injured to fight recklessly!
You hit Grinder.
Grinder is lightly wounded.
Grinder hits you but does no damage. Grinder hits you!
* * * LOW HITPOINT WARNING * * *
You writhe in agony.
You die...

...# #.#.# #... .#.#
.#.# #.#.# ##.#####o#
##.# #.#.# #.....<.. #.#
#.#.# #####.#.# #.#
#.#.# ...#.# #.#####.#.#
#####.# ##.......#.# #.#
......####.#############
#)# #####.#
#.....5@....... #.#
......# #.#############
#.. #####.# #.# #.# ###
### ###


You could see Grinder.

Vanquished Creatures
  Jessica (D:2)
  Ijyb (D:3)
  2 adders
  A worm (D:2)
  A dart slug (D:2)
  2 leopard geckos
  A ball python (D:3)
  3 bats
  4 giant cockroaches
  4 goblins
  5 hobgoblins
  6 jackals
  2 kobolds (D:2)
  A quokka (D:3)
  A frilled lizard (D:2)
  A rat (D:2)
36 creatures vanquished.

Notes
Turn   | Place    | Note
-------+----------+-------------------------------------------
     0 | D:1      | gbos the Draconian Conjurer began the quest for the Orb.
     0 | D:1      | Reached XP level 1. HP: 14/14 MP: 3/3
   204 | D:1      | Reached XP level 2. HP: 17/20 MP: 0/5
   393 | D:2      | Found a hide-covered altar of Uskayaw.
   445 | D:2      | Found a hazy altar of Hepliaklqana.
   526 | D:2      | Found an ancient bone altar of Kikubaaqudgha.
   554 | D:2      | Found a stormy altar of Qazlal.
   646 | D:2      | Gained mutation: You have large cloven feet. [potion of beneficial mutation]
   652 | D:2      | Reached XP level 3. HP: 9/26 MP: 6/6
  1082 | D:2      | Noticed Jessica
  1089 | D:2      | Killed Jessica
  1089 | D:2      | Reached skill level 5 in Conjurations
  1089 | D:2      | Reached XP level 4. HP: 29/33 MP: 6/8
  1576 | D:3      | Noticed Ijyb
  1586 | D:3      | Killed Ijyb
  1886 | D:3      | Noticed Grinder
  1894 | D:3      | HP: 1/33 [Grinder (7)]
  1894 | D:3      | Slain by Grinder

Skill      XL: |  1  2  3  4 |
---------------+-------------+-----
Conjurations   | 5 |  5.4
Spellcasting   | 3 |  3.2
Dodging        | |  1.7
Stealth        | |  1.7

Action                   |  1- 3 |  4- 6 || total
-------------------------+-------+-------++-------
Melee: Unarmed           |    14 |       ||    14
       Tailslap          |     6 |     3 ||     9
       War axe           |    46 |    40 ||    86
 Cast: Magic Dart        |    12 |    11 ||    23
  Use: Potion            |     8 |       ||     8
 Stab: Sleeping          |       |     1 ||     1
  Eat: Chunk             |       |     3 ||     3
Armor: Skin              |    36 |    19 ||    55
Dodge: Dodged            |    37 |    41 ||    78
